 Dungeon Crawl Stone Soup version 0.27-a0-1186-g8b4daa1eef (webtiles) character file.

Game seed: 285685301475425670

12399 karkarkar the Basher (level 11, -9/99 HPs)
             Began as a Minotaur Berserker on May 19, 2021.
             Was an Elder of Trog.
             Mangled by Snorg (12 damage)
             ... on level 11 of the Dungeon.
             The game lasted 00:33:22 (12164 turns).

karkarkar the Basher (Minotaur Berserker)          Turns: 12164, Time: 00:33:22

Health: -9/99      AC: 17    Str: 22    XL:     11   Next: 61%
Magic:  10/10      EV: 10    Int:  4    God:    Trog [****..]
Gold:   567        SH: 14    Dex: 13    Spells: 10/10 levels left

rFire    . . .     SeeInvis .   F - +0 flail (holy)
rCold    + . .     Faith    .   y - +2 kite shield
rNeg     . . .     Spirit   .   t - +2 chain mail {rC+}
rPois    .         Reflect  .   (helmet restricted)
rElec    .         Harm     .   (no cloak)
rCorr    .         Rampage  .   B - +2 pair of gloves
Will     +....                  (no boots)
Stlth    ..........             C - amulet of regeneration
HPRegen  1.26/turn              r - +4 ring of slaying
MPRegen  0.12/turn              q - ring of willpower

@: on berserk cooldown, slowed, very slow
A: horns 2, retaliatory headbutt
a: Renounce Religion, Berserk, Trog's Hand, Brothers in Arms


You were on level 11 of the Dungeon.
You worshipped Trog.
Trog was greatly pleased with you.
You visited 1 branch of the dungeon, and saw 11 of its levels.

You collected 781 gold pieces.
You spent 214 gold pieces at shops.

Inventory:

Hand Weapons
 l - a +3 dire flail
 o - a +1 club of chaos
 F - a +0 flail of holy wrath (weapon)
 L - the +8 frozen axe "Frostbite" {freezing cloud, *Noise Fly rC+}
   (You found it on level 8 of the Dungeon)

   It has been specially enchanted to freeze those struck by it, causing extra
   injury to most foes and up to half again as much damage against particularly
   susceptible opponents.
   It can also slow down cold-blooded creatures.
   It protects you from cold.
   It grants you flight.
   It may make noises in combat.
Missiles
 i - 2 curare-tipped darts (quivered)
 p - 3 throwing nets
Armour
 t - a +2 chain mail of cold resistance (worn)
 y - a +2 kite shield (worn)
 B - a +2 pair of gloves (worn)
Jewellery
 b - a ring of poison resistance
 m - a ring of see invisible
 q - a ring of willpower (right hand)
 r - a +4 ring of slaying (left hand)
 C - an amulet of regeneration (around neck)
 I - a ring of flight
Wands
 c - a wand of iceblast (11)
 v - a wand of paralysis (14)
 x - a wand of polymorph (12)
 D - a wand of digging (5)
Scrolls
 a - a scroll of fear {unknown}
 d - 2 scrolls of teleportation
 e - a scroll of enchant weapon
 g - a scroll of holy word
 j - a scroll of magic mapping
 w - a scroll of fog
 z - a scroll of silence {unknown}
 H - 2 scrolls of noise {unknown}
 J - a scroll of torment {unknown}
Potions
 f - 3 potions of flight
 h - a potion of ambrosia {unknown}
 k - 3 potions of heal wounds
 n - 2 potions of haste
 s - a potion of attraction
 u - 2 potions of mutation {unknown}
 A - a potion of resistance
 E - a potion of might
 G - 3 potions of curing
 K - a potion of degeneration {unknown}


   Skills:
 + Level 9.9 Fighting
 + Level 1.4 Short Blades
 + Level 11.8 Maces & Flails
 + Level 10.8 Armour
 + Level 7.1 Dodging
 + Level 3.5 Stealth
 + Level 9.5 Shields


You had 10 spell levels left.
You didn't know any spells.
Your spell library was empty.

Dungeon Overview and Level Annotations

Branches:
Dungeon (11/15)            Temple (0/1) D:6            Lair (0/6) D:8
    Orc (0/2) D:10

Altars:
Dithmenos
Fedhas
Ru
Xom

Shops:
D:4 [

Annotations:
D:7 2 runed translucent doors, exclusion: orange crystal statue
D:11 Snorg


Innate Abilities, Weirdness & Mutations

You have a pair of horns on your head.
You reflexively headbutt those who attack you in melee.


Message History

You hit Snorg but do no damage.
Snorg is severely wounded.
Snorg shakes off her lethargy.
Snorg goes berserk!
You closely miss Snorg. You headbutt Snorg!
Snorg is severely wounded.
You block Snorg's attack. Snorg claws you but does no damage.
You block Snorg's attack. Snorg bites you. Snorg claws you.
Snorg claws you but does no damage.
You hit Snorg. Your headbutt misses Snorg.
Snorg is severely wounded.
You block Snorg's attack. Snorg closely misses you.
You block Snorg's attack. x2
Snorg claws you! Snorg closely misses you.
You hit Snorg. You headbutt Snorg!
Snorg is severely wounded.
Snorg bites you but does no damage. Snorg closely misses you.
You block Snorg's attack. Snorg bites you but does no damage.
Snorg closely misses you. Snorg claws you!
You closely miss Snorg. You headbutt Snorg!
Snorg is almost dead.
Snorg bites you but does no damage. Snorg claws you! Snorg claws you.
Snorg bites you but does no damage. Snorg claws you but does no damage.
Snorg misses you.
You are too injured to fight recklessly!
You are too injured to fight recklessly!
Unknown command.
You are too injured to fight recklessly!
You are too injured to fight recklessly!
Unknown command.
You are too injured to fight recklessly!
You block Snorg's attack. Snorg claws you but does no damage.
Snorg completely misses you. Snorg bites you! Snorg claws you!
* * * LOW HITPOINT WARNING * * *
Snorg claws you!
* * * LOW HITPOINT WARNING * * *
You thump Snorg! Your headbutt misses Snorg.
Snorg is almost dead.
Snorg bites you!
* * * LOW HITPOINT WARNING * * *
Snorg claws you!
You die...

#......# #...#. #......# ##..#.
#......# .# ##......# .#
........# .#. #####...# .#. #...#
.#$ #...######################.#.
#...........@T...............
#....................(((.....
#+###.#########....############..
......# #....# .. ##....# #....#
.. #....# #....# .. ##)...#
#....# .. ......# #....# ..
......# #....#### .


You could see Snorg (berserk, poisoned).

Vanquished Creatures
  2 hydras (D:11)
  A centaur warrior (D:11)
  A two-headed ogre (D:10)
  2 gargoyles (D:11)
  A hornet (D:6)
  3 wyverns
  A shadow (D:11)
  A wraith (D:10)
  13 yaks
  2 steam dragons
  A yak (shapeshifter) (D:10)
  Eustachio (D:5)
  3 vampire mosquitoes (D:11)
  4 orc warriors
  6 water moccasins
  4 black bears
  2 ice beasts (D:6)
  2 ogres
  12 centaurs
  2 bullfrogs
  A water moccasin zombie (D:5)
  5 wights
  6 killer bees (D:7)
  6 howler monkeys
  8 centaur zombies
  2 gnoll shamans
  A hound (D:4)
  8 orc priests
  A centaur skeleton (D:7)
  3 iguanas
  11 orc wizards
  2 killer bee zombies (D:6)
  An ogre zombie (D:5)
  10 gnolls
  A gnoll zombie (D:5)
  4 adders
  4 howler monkey zombies
  3 adder skeletons (D:4)
  A worm (D:4)
  A dart slug (D:4)
  21 orcs
  7 ball pythons
  4 endoplasms
  A giant cockroach (D:1)
  6 hobgoblins
  5 jackals
  2 quokkas
  3 bats (D:1)
  4 frilled lizards
  11 goblins
  3 kobolds
  6 rats
216 creatures vanquished.

Vanquished Creatures (others)
  A gnoll (D:7)
  36 fungi (D:8)
  35 plants (D:8)
72 creatures vanquished.

Grand Total: 288 creatures vanquished

Notes
Turn   | Place    | Note
-------+----------+-------------------------------------------
     0 | D:1      | karkarkar the Minotaur Berserker began the quest for the
                  | Orb.
     0 | D:1      | Reached XP level 1. HP: 19/19 MP: 0/0
   244 | D:1      | Reached skill level 4 in Maces & Flails
   244 | D:1      | Reached XP level 2. HP: 27/27 MP: 1/1
   863 | D:1      | Reached ** piety under Trog
   914 | D:1      | Reached XP level 3. HP: 33/33 MP: 2/2
  1066 | D:2      | You fall into a shaft and drop 2 floors!
  1320 | D:4      | Reached XP level 4. HP: 40/41 MP: 3/3
  1368 | D:4      | Noticed an ogre
  1478 | D:3      | Found a faded altar of an unknown god.
  1674 | D:3      | Reached skill level 5 in Maces & Flails
  1861 | D:3      | Reached XP level 5. HP: 8/47 MP: 4/4
  2215 | D:3      | Found a shimmering altar of Xom.
  2825 | D:4      | Found Jolut's Armour Emporium.
  2881 | D:4      | Reached *** piety under Trog
  3041 | D:3      | Killed an ogre
  3042 | D:3      | Reached skill level 5 in Fighting
  3042 | D:3      | Reached skill level 1 in Short Blades
  3042 | D:3      | Reached XP level 6. HP: 46/56 MP: 5/5
  3116 | D:5      | Entered Level 5 of the Dungeon
  3145 | D:5      | Reached skill level 6 in Maces & Flails
  3360 | D:5      | Noticed Eustachio
  3377 | D:5      | Killed Eustachio
  3378 | D:5      | Reached skill level 5 in Armour
  3457 | D:5      | Reached XP level 7. HP: 48/61 MP: 6/6
  3870 | D:5      | Found a transporter.
  3895 | D:5      | Reached skill level 1 in Stealth
  4119 | D:5      | Found a transporter.
  4698 | D:4      | Bought a +2 pair of gloves for 214 gold pieces
  4739 | D:6      | Noticed a hornet
  4799 | D:6      | Reached XP level 8. HP: 9/70 MP: 7/7
  4802 | D:6      | HP: 5/105 [poisoned by a water moccasin]
  5011 | D:6      | Reached skill level 7 in Maces & Flails
  5128 | D:6      | Reached skill level 1 in Shields
  5218 | D:6      | Found a staircase to the Ecumenical Temple.
  5401 | D:6      | Reached skill level 5 in Dodging
  5854 | D:6      | Killed a hornet
  6199 | D:7      | Reached XP level 9. HP: 75/79 MP: 8/8
  6216 | D:7      | Found a runed translucent door.
  6225 | D:7      | Found the +10 tower shield of Ignorance {rN+ Int-4}
  6313 | D:7      | Reached skill level 8 in Maces & Flails
  6526 | D:7      | Found a runed translucent door.
  6583 | D:7      | Found a sacrificial altar of Ru.
  7238 | D:7      | Noticed an orange crystal statue
  7483 | D:8      | Reached skill level 9 in Maces & Flails
  7483 | D:8      | Reached skill level 5 in Shields
  7650 | D:8      | Found a staircase to the Lair.
  7750 | D:8      | Reached XP level 10. HP: 87/88 MP: 9/9
  8036 | D:8      | Found the +8 frozen axe "Frostbite" {freezing cloud, *Noise
                  | Fly rC+}
  8419 | D:8      | Found a blossoming altar of Fedhas.
  9041 | D:9      | Reached **** piety under Trog
  9261 | D:9      | Reached skill level 10 in Maces & Flails
  9394 | D:10     | Entered Level 10 of the Dungeon
  9492 | D:10     | Noticed a two-headed ogre
  9704 | D:10     | Found a staircase to the Orcish Mines.
  9734 | D:10     | Killed a two-headed ogre
  9833 | D:10     | Found a shadowy altar of Dithmenos.
 10901 | D:11     | Reached skill level 11 in Maces & Flails
 10943 | D:11     | Noticed a four-headed hydra
 10943 | D:11     | Noticed a gargoyle
 10953 | D:11     | Killed a four-headed hydra
 10954 | D:11     | Reached skill level 10 in Armour
 10954 | D:11     | Reached XP level 11. HP: 97/97 MP: 10/10
 10995 | D:11     | Noticed a centaur warrior
 11006 | D:11     | Killed a centaur warrior
 11674 | D:11     | Noticed a six-headed hydra
 11690 | D:11     | Killed a six-headed hydra
 11990 | D:11     | Noticed Snorg
 12164 | D:11     | HP: 3/99 [Snorg (12)]
 12164 | D:11     | Mangled by Snorg

Illustrated notes

Levels and vault maps discovered:
D:1:      dpeg_arrival_snail, layout_basic
D:2:      layout_basic, uniq_robin
D:3:      layout_rooms, tgw_xom, shapermc_ecumenical_altar_notcrosses
D:4:      layout_rooms, serial_shops, kennysheep_little_box
D:5:      gammafunk_cloud_chamber, layout_loops_corners,
          kennysheep_small_circle, uniq_eustachio
D:6:      layout_loops_ring, minmay_temple_entry_enclosed_plants
D:7:      layout_basic, lemuel_round_altar, st_stairs_3,
          chequers_guarded_unrand_ignorance
D:8:      layout_basic, lemuel_tele_altar, due_lair_maze_entry_diamond
D:9:      layout_basic
D:10:     layout_basic, nicolae_dithmenos_shadow_blocks, david_orc_3,
          serial_co_window_serial, co_window_paths_a, co_window_corner_a,
          co_window_corner_a, co_window_paths_a, co_window_paths_b,
          co_window_of_opportunity_a, co_window_corner_a,
          co_window_of_opportunity_b, co_window_unsneaky_path_c,
          co_window_of_opportunity_b, co_window_of_opportunity_c,
          co_window_paths_e, co_window_paths_d, glass_columns_a,
          glass_columns_a, glass_columns_b, glass_columns_b
D:11:     minmay_quarter_circles, layout_irregular_city, uniq_snorg

Skill      XL: |  1  2  3  4  5  6  7  8  9 10 11 |
---------------+----------------------------------+-----
Maces & Flails | 4 5 6 7 9 11 | 11.8
Fighting       | 4 5 6 7 8 9 |  9.9
Armour         | 3 4 5 6 8 10 | 10.8
Short Blades   | 1 |  1.4
Dodging        | 3 4 5 6 7 |  7.1
Stealth        | 1 2 3 |  3.5
Shields        | 2 5 7 9 |  9.5

Action                   |  1- 3 |  4- 6 |  7- 9 | 10-12 || total
-------------------------+-------+-------+-------+-------++-------
Melee: Mace              |    47 |    28 |       |       ||    75
       Headbutt          |     7 |    21 |    45 |    61 ||   134
       Dagger            |       |    47 |       |       ||    47
       Club              |       |    44 |   126 |       ||   170
       Flail             |       |       |    76 |   235 ||   311
Throw: Dart              |       |       |       |     5 ||     5
Invok: Berserk           |     1 |     4 |     8 |     6 ||    19
       Trog's Hand       |       |     1 |     1 |     3 ||     5
  Use: Potion            |     1 |     3 |     1 |     3 ||     8
       Scroll            |       |     3 |     3 |     4 ||    10
 Stab: Paralysed         |       |       |     2 |       ||     2
       Confused          |       |       |     1 |       ||     1
Armor: Animal skin       |     4 |       |       |       ||     4
       Ring mail         |     9 |    43 |    72 |    19 ||   143
       Chain mail        |       |       |       |   123 ||   123
Dodge: Dodged            |    36 |    78 |    98 |    94 ||   306
Block: Kite shield       |       |       |   123 |   200 ||   323

Table legend: (Time is in decaauts)
 A = Elapsed time spent in this place.
 B = Non-inter-level travel time spent in this place.
 C = Inter-level travel time spent in this place.
 D = Time resting spent in this place.
 E = Time spent auto-exploring this place.
 F = Levels seen in this place.
 G = Mean time per level.
                   A        B        C        D        E       F      G
               +--------+--------+--------+--------+--------+-----+--------+
         Total |  12391 |  12156 |    235 |   2718 |   7033 |  11 | 1126.5 |
       Dungeon |  12391 |  12156 |    235 |   2718 |   7033 |  11 | 1126.5 |
               +--------+--------+--------+--------+--------+-----+--------+

Top non-repeatable levels by time:
     D:5: 1637 daAuts
    D:10: 1518 daAuts
     D:6: 1463 daAuts
    D:11: 1294 daAuts
     D:3: 1271 daAuts
     D:8: 1188 daAuts
     D:7: 1111 daAuts
     D:1: 1065 daAuts
     D:9: 957 daAuts
     D:4: 876 daAuts
     D:2: 6 daAuts
